 Dungeon Crawl Stone Soup version 0.31-a0-259-g771a54ca4b (webtiles) character file.

Game seed: 11149270230490370658

79 qw the Shooter (level 4, -2/26 HPs)
             Began as a Gargoyle Hexslinger on July 13, 2023.
             Slain by a goblin
             ... wielding a +0 club
             ... led by Robin
              (4 damage)
             ... on level 2 of the Dungeon.
             The game lasted 00:00:27 (1084 turns).

qw the Shooter (Gargoyle Hexslinger)                Turns: 1084, Time: 00:00:27

Health: -2/26      AC:  5    Str: 11    XL:     4   Next: 38%
Magic:  5/5        EV: 12    Int: 14    God:
Gold:   27         SH:  0    Dex: 14    Spells: 4/5 levels left

rFire   . . .        Y - +1 sling
rCold   . . .        (no shield)
rNeg    + . .        c - +0 robe
rPois   inf          (no helmet)
rElec   +            (no cloak)
rCorr   .            (no gloves)
SInv    .            (no boots)
Will    .....        d - amulet of faith
Stlth   +            (no ring)
HPRegen 0.24/turn    (no ring)
MPRegen 0.09/turn

%: faith
@: no status effects
A: sickness immunity, AC +3, negative energy resistance 1, electricity
resistance, torment resistance 1, petrification resistance
a: no special abilities


You were on level 2 of the Dungeon.
You visited 1 branch of the dungeon, and saw 2 of its levels.

You collected 27 gold pieces.


Innate Abilities, Weirdness & Mutations

You are immune to sickness and miasma.
Your stone body is resilient. (AC +3)
You are immune to poison.
You resist negative energy. (rN+)
You are resistant to electric shocks. (rElec)
You are resistant to unholy torment.
You are immune to petrification.


   Skills:
 - Level 2.0 Fighting
 + Level 4.2 Ranged Weapons
 - Level 1.5 Dodging
 - Level 1.0 Spellcasting
 - Level 2.6 Hexes


You had 4 spell levels left.
You knew the following spells:

 Your Spells              Type           Power      Damage    Failure   Level
a - Slow                  Hex            32%        N/A       9%          1

Your spell library contained the following spells:

 Spells                   Type           Power      Damage    Failure   Level
 Inner Flame              Hex/Fire       4%         N/A       41%         3
 Portal Projectile        Hex/Tloc       8%         N/A       41%         3
 Cause Fear               Hex            4%         N/A       65%         4

Inventory:

Hand Weapons
 Y - a +1 sling (weapon)
Armour
 c - a +0 robe (worn)
Jewellery
 d - an amulet of faith (around neck)
Scrolls
 a - a scroll of identify
Potions
 e - a potion of magic {unknown}
 f - 2 potions of invisibility {unknown}
 h - a potion of brilliance {unknown}
 i - a potion of degeneration {unknown}

Dungeon Overview and Level Annotations

Branches:
Dungeon (2/15)

Altars:


Message History

Robin is lightly wounded.
The goblin no longer looks unusually strong.
The goblin closely misses you. The goblin misses you.
Robin says, "A pitiful Gargoyle like you will never find the ORB!"
Robin roars a battlecry!
The goblin goes into a battle-frenzy!
You shoot a sling bullet. The sling bullet hits Robin.
Robin is heavily wounded.
The goblin no longer looks unusually strong.
Robin closely misses you. The goblin barely misses you.
The goblin hits you with a +0 club.
You shoot a sling bullet. The sling bullet barely misses Robin.
The goblin no longer looks unusually strong.
Robin throws the goblin at you! The goblin barely misses you.
The goblin hits you but does no damage. The goblin hits you with a +0 club.
You shoot a sling bullet. The sling bullet hits Robin.
Robin is severely wounded.
The goblin misses you. Robin barely misses you.
The goblin hits you but does no damage. x2; The goblin misses you.
The goblin barely misses you.
A frilled lizard comes into view.
The goblin closely misses you.
You shoot a sling bullet. The sling bullet barely misses Robin.
The frilled lizard hisses angrily.
Robin completely misses you. The goblin completely misses you.
The goblin hits you but does no damage. The goblin barely misses you.
You shoot a sling bullet. The sling bullet hits Robin.
You kill Robin!
The goblin barely misses you. x2; The goblin completely misses you.
You shoot a sling bullet.
The sling bullet closely misses the goblin.
The goblin closely misses you. x2; The goblin barely misses you.
You shoot a sling bullet. The sling bullet hits the goblin.
The goblin is severely wounded.
The goblin completely misses you. The goblin hits you with a +0 dagger.
The goblin hits you but does no damage.
You shoot a sling bullet. The sling bullet hits the goblin!
You kill the goblin!
The goblin hits you but does no damage. x2; The goblin hits you with a +0 club.
You die...

#......#######
.######.#########
................#.#
#######.#######.#g#
#.# #.#g# #.# #.#g#
#.# #.#g# #.# #g#g#
#.#######@#.#
#....).lg)).#
###.....### #.#####
#


You could see 2 goblins and a frilled lizard.

Vanquished Creatures
  Robin (D:2)
  3 adders (D:2)
  4 ball pythons
  4 bats (D:1)
  3 endoplasms (D:1)
  A giant cockroach (D:1)
  7 goblins
  3 hobgoblins
  4 jackals (D:1)
  2 quokkas
  A frilled lizard (D:1)
  5 kobolds
  A rat (D:2)
39 creatures vanquished.

Notes
Turn   | Place    | Note
-------+----------+-------------------------------------------
     0 | D:1      | qw the Gargoyle Hexslinger began the quest for the Orb.
     0 | D:1      | Reached XP level 1. HP: 12/12 MP: 2/2
     0 | D:1      | 0 ||| qw: Version: 0.3-a-52-g30416fa
     0 | D:1      | 0 ||| qw: Game counter: 6892
     0 | D:1      | 0 ||| qw: Melee chars always use a shield: true
     0 | D:1      | 0 ||| qw: God list: Okawaru
     0 | D:1      | 0 ||| qw: Allow faded altars: false
     0 | D:1      | 0 ||| qw: Do Orc after clearing Dungeon:15 true
     0 | D:1      | 0 ||| qw: Do second Lair branch before Depths: true
     0 | D:1      | 0 ||| qw: Lair rune preference: random
     0 | D:1      | 0 ||| qw: Goals: Normal
     0 | D:1      | 0 ||| PLANNING D:1-11
    60 | D:1      | Reached XP level 2. HP: 16/16 MP: 3/3
   250 | D:1      | Reached skill level 3 in Ranged Weapons
   580 | D:1      | Reached XP level 3. HP: 21/21 MP: 4/4
   851 | D:1      | 851 ||| UPGRADING to amulet of faith.
   856 | D:1      | 856 ||| READING 2 scrolls labelled UGAIPUSH VABAT.
   857 | D:1      | 857 ||| DROPPING scroll of poison.
  1002 | D:2      | Reached XP level 4. HP: 26/26 MP: 5/5
  1061 | D:2      | Reached skill level 4 in Ranged Weapons
  1062 | D:2      | Noticed Robin
  1069 | D:2      | 1069 ||| Stepping ~*~*~tactically~*~*~ (outnumbered).
  1075 | D:2      | HP: 6/26 [goblin/+0 club[Robin] (3)]
  1078 | D:2      | HP: 1/26 [goblin/+0 club[Robin] (4)]
  1081 | D:2      | Killed Robin
  1083 | D:2      | HP: 1/26 [goblin/+0 dagger[Robin] (1)]
  1084 | D:2      | Slain by a goblin

Levels and vault maps discovered:
D:1:      giann_horns, layout_basic
D:2:      layout_loops_ring, uniq_robin

Skill      XL: |  1  2  3  4 |
---------------+-------------+-----
Ranged Weapons | 3 4 |  4.2
Fighting       | 2 |  2.0
Dodging        | |  1.5
Spellcasting   | |  1.0
Hexes          | |  2.6

Action                     |  1- 3 |  4- 6 || total
---------------------------+-------+-------++-------
   Fire: Sling             |   110 |    25 ||   135
    Use: Scroll            |     1 |       ||     1
 Armour: Robe              |    34 |    14 ||    48
  Dodge: Dodged            |    80 |    28 ||   108

Table legend:
 A = Non-vault XP
 B = Vault XP
 C = Vault XP percentage of total XP
 D = Non-vault monster count
 E = Vault monster count
 F = Vault count percentage of total count
                 A         B        C        D         E       F
            +---------+---------+-------+---------+---------+-------
      Total |      92 |      24 |  20.7 |      34 |       5 |  12.8
            +---------+---------+-------+---------+---------+-------
        D:1 |      40 |       0 |   0.0 |      24 |       0 |   0.0
        D:2 |      52 |      24 |  31.6 |      10 |       5 |  33.3
            +---------+---------+-------+---------+---------+-------
